 Dungeon Crawl Stone Soup version 0.31.0-11-ge490571c62 (webtiles) character file.

Game seed: 4941491023962394104

273 Aviak the Insei (level 6, -1/37 (64) HPs)
             Began as an Octopode Reaver on Feb 2, 2024.
             Slain by an orc priest
             ... wielding a +0 mace
              (3 damage)
             ... on level 5 of the Dungeon.
             The game lasted 00:06:32 (3221 turns).

Aviak the Insei (Octopode Reaver)                   Turns: 3221, Time: 00:06:32

HP:   -1/37 (64)    AC: 23    Str: 11    XL:     6   Next: 24%
MP:   7/9           EV:  2    Int: 16    God:
Gold: 180           SH:  0    Dex: 12    Spells: 7/9 levels left

rFire   . .          .
                       - Unarmed
rCold   . . .        (no shield)
rNeg    . . .        (helmet currently unavailable)
rPois   +            (no amulet)
rElec   .            (no ring)
rCorr   .            (no ring)
SInv    .            (no ring)
Will    .....        (no ring)
Stlth   +            (no ring)
HPRegen 0.26/turn    (no ring)
MPRegen 0.11/turn    (no ring)
                     (no ring)

%: no passive effects
@: mighty, lethally poisoned (-1 -> -8), tree-form, very heavily drained
A: stationary, stasis, torment immunity, boosted hp, almost no armour,
(amphibious), 8 rings, (camouflage 1), (gelatinous body 1), (nimble swimmer 1),
(tentacles)
a: no special abilities


You were on level 5 of the Dungeon.
You were a tree.
You visited 1 branch of the dungeon, and saw 5 of its levels.

You collected 180 gold pieces.

Inventory:

Scrolls
 d - 3 scrolls of immolation {unknown}
 e - 2 scrolls of identify {unknown}
 f - 2 scrolls of noise {unknown}
 h - a scroll of teleportation {unknown}
 i - a scroll of enchant weapon {unknown}
 j - a scroll of torment {unknown}
Potions
 b - a potion of might
 c - a potion of curing {unknown}
 g - a potion of mutation {unknown}


   Skills:
 + Level 3.7 Fighting
 + Level 3.7 Dodging
 + Level 4.4 Unarmed Combat
 - Level 2.0 Spellcasting
 - Level 3.0 Conjurations
 - Level 2.0 Necromancy


You had 7 spell levels left.
You knew the following spells:

 Your Spells              Type           Power      Damage    Failure   Level
a - Kiss of Death         Conj/Necr      36%        2d8       8%          1
b - Necrotise             Necr           32%        1d5       9%          1

Your spell library contained the following spells:

 Spells                   Type           Power      Damage    Failure   Level
 Sting                    Conj/Alch      24%        1d4       11%         1
 Momentum Strike          Conj/Tloc      12%        3d8       17%         2
 Apportation              Tloc           2%         N/A       21%         1
 Summon Small Mammal      Summ           4%         N/A       21%         1
 Hailstorm                Conj/Ice       6%         3d5       32%         3


Dungeon Overview and Level Annotations

Branches:
Dungeon (5/15)
 Temple: D:4-7

Altars:
Cheibriados
Elyvilon
Kikubaaqudgha
Yredelemnul

Annotations:
D:3 2 transporters, Menkaure


Innate Abilities, Weirdness & Mutations

You are a tree.
Your roots penetrate the ground, keeping you stationary.
You cannot be teleported.
You are immune to unholy pain and torment.
Your maximum health is greatly increased.
You cannot wear most types of armour.
((You are amphibious.))
You can wear up to eight rings at the same time.
((Your skin changes colour to match your surroundings (Stealth+).))
((Your rubbery body absorbs attacks. (AC +1, EV +1)))
((You are camouflaged when in or above water. (Stealth+)))
((You have tentacles for arms and can constrict up to eight enemies at once.))


Message History

You barely miss the orc. You squeeze the orc.
You kill the orc!
The orc priest barely misses you.
The ribbon worm expels a string of sticky webbing.
The stream of webbing misses you. The orc hits you with a +0 short sword.
You barely miss the orc priest. Your grab misses the orc priest.
You tentacle-slap the orc priest. You squeeze the orc priest.
The orc priest is almost dead.
The orc hits you with a +0 short sword.
The orc priest mumbles some strange prayers to Beogh against you.
Pain shoots through your body!
Casting: Kiss of Death (safe; 8% risk of failure)
Confirm with . or Enter, or press ? or * to list all spells.
Aiming: Kiss of Death (safe; 8% risk of failure)
Press: ? - help, Shift-Dir - straight line, f - water moccasin, p - orc priest
Aim: a water moccasin (100% to hit)
The negative energy hits the water moccasin.
The water moccasin is drained!
The water moccasin is moderately wounded.
You feel drained. The water moccasin bites you.
You are lethally poisoned!
The water moccasin poisons you! The orc barely misses you.
The orc priest barely misses you.
It was a potion of might.
You feel very mighty all of a sudden.
* * * LOW HITPOINT WARNING * * *
You feel very sick.
A killer bee comes into view.
The water moccasin misses you. The orc priest misses you.
The orc barely misses you.
It was a potion of lignification.
You turn into a tree.
Your roots penetrate the ground.
* * * LOW HITPOINT WARNING * * *
You feel very sick. The water moccasin bites you.
* * * LOW HITPOINT WARNING * * *
The water moccasin bites you.
* * * LOW HITPOINT WARNING * * *
The orc priest hits you with a +0 mace.
You die...

..!... ...... .
......
..########......
...............#
...............#
.....w.........#
.......S<......#
.......♣........
......)oo.......
................
..............y.
................
.!..............
...##..##.......
##. #.. ##....


You could see a water moccasin (drained), a ribbon worm (catching breath), a
killer bee (wandering), an orc priest (very drained) and an orc.

Vanquished Creatures
  A bombardier beetle (D:3)
  2 hounds (D:4)
  2 iguanas (D:4)
  4 adders
  3 dart slugs (D:1)
  2 ribbon worms (D:2)
  10 orcs
  4 bats
  2 endoplasms (D:1)
  A giant cockroach (D:1)
  9 goblins
  4 hobgoblins
  6 jackals
  3 quokkas
  8 ball pythons
  3 frilled lizards
  7 kobolds
  5 rats
76 creatures vanquished.

Notes
Turn   | Place    | Note
-------+----------+-------------------------------------------
     0 | D:1      | Aviak the Octopode Reaver began the quest for the Orb.
     0 | D:1      | Reached XP level 1. HP: 14/14 MP: 3/3
    70 | D:1      | Reached XP level 2. HP: 3/18 MP: 3/5
   208 | D:1      | Reached skill level 1 in Necromancy
   255 | D:1      | Reached XP level 3. HP: 25/25 MP: 6/6
   820 | D:2      | Reached XP level 4. HP: 22/30 MP: 7/7
  1216 | D:2      | Learned a level 1 spell: Necrotise
  1605 | D:3      | Found a snail-covered altar of Cheibriados.
  1634 | D:3      | Found a white marble altar of Elyvilon.
  1648 | D:3      | Found a transporter.
  1677 | D:3      | Found an ancient bone altar of Kikubaaqudgha.
  1678 | D:3      | Noticed a necrophage
  1679 | D:3      | Noticed Menkaure
  1710 | D:3      | Found a transporter.
  1710 | D:3      | Found a basalt altar of Yredelemnul.
  2271 | D:3      | Found a faded altar of an unknown god.
  2342 | D:4      | Reached XP level 5. HP: 34/34 MP: 8/8
  2461 | D:4      | Reached skill level 4 in Unarmed Combat
  2873 | D:4      | Reached XP level 6. HP: 29/42 MP: 9/9
  3086 | D:5      | Entered Level 5 of the Dungeon
  3215 | D:5      | Noticed a water moccasin
  3221 | D:5      | Slain by an orc priest

Illustrated notes

Levels and vault maps discovered:
D:1:      onia_arrival_pyramid, layout_rooms
D:2:      layout_basic, kennysheep_cross_bottleneck
D:3:      layout_loops_ring, gammafunk_temple_of_torment,
          mainiacjoe_overflow_big_doors, shapermc_ecumenical_altar_petra
D:4:      layout_cave_pools, bh_walls_and_bars
D:5:      layout_rooms, gammafunk_temple_overflow_pools

Skill      XL: |  1  2  3  4  5 |
---------------+----------------+-----
Necromancy     | 1 2 |  2.0
Fighting       | 3 |  3.7
Dodging        | 3 |  3.7
Unarmed Combat | 4 |  4.4
Spellcasting   | |  2.0
Conjurations   | |  3.0

Action                     |  1- 3 |  4- 6 || total
---------------------------+-------+-------++-------
  Melee: Unarmed           |    81 |    94 ||   175
         Constrict         |    22 |    26 ||    48
         Tentacles         |    17 |    25 ||    42
         Punch             |     6 |     4 ||    10
   Cast: Kiss of Death     |     1 |     4 ||     5
         Necrotise         |       |     6 ||     6
    Use: Potion            |       |     2 ||     2
   Stab: Sleeping          |     3 |     6 ||     9
 Armour: Skin              |    41 |    40 ||    81
  Dodge: Dodged            |    36 |    62 ||    98
